 Dungeon Crawl Stone Soup version 0.22-a0-368-g870eee8 (webtiles) character file.

181 Feta the Magician (level 5, -1/28 HPs)
             Began as a Deep Elf Fire Elementalist on Apr 23, 2018.
             Killed from afar by Blork the orc (8 damage)
             ... with a puff of flame
             ... on level 4 of the Dungeon.
             The game lasted 00:08:37 (1871 turns).

Feta the Magician (Deep Elf Fire Elementalist)      Turns: 1871, Time: 00:08:38

Health: -1/28      AC:  3    Str:  5    XL:     5   Next: 34%
Magic:  8/14       EV: 13    Int: 21    God:
Gold:   239        SH:  0    Dex: 15    Spells: 3/13 levels left

rFire    . . .     SeeInvis .   j - +0 spear
rCold    . . .     Gourm    .   (no shield)
rNeg     . . .     Faith    .   a - +0 robe
rPois    .         Spirit   .   (no helmet)
rElec    .         Reflect  .   b - +0 cloak
rCorr    .         Harm     .   (no gloves)
MR       .....                  (no boots)
Stlth    ++........             (no amulet)
HPRegen  0.09/turn              (no ring)
MPRegen  0.14/turn              (no ring)

@: no status effects
A: no striking features
a: no special abilities


You were on level 4 of the Dungeon.
You were hungry.

You visited 1 branch of the dungeon, and saw 4 of its levels.

You collected 239 gold pieces.

Inventory:

Hand Weapons
 j - a +0 spear (weapon)
Missiles
 i - 110 arrows
 m - 4 needles of frenzy
 t - 2 javelins of returning (quivered)
Armour
 a - a +0 robe (worn)
 b - a +0 cloak (worn)
Scrolls
 d - a scroll of identify {unknown}
 f - 2 scrolls of teleportation
 l - a scroll of amnesia {unknown}
 p - 2 scrolls of remove curse {unknown}
 s - a scroll of immolation {unknown}
Potions
 e - a potion of lignification {unknown}
 h - a potion of ambrosia {unknown}
 k - a potion of brilliance {unknown}
 n - 3 potions of curing {unknown}
 o - a potion of cancellation {unknown}
 q - 3 potions of heal wounds {unknown}
 r - a potion of degeneration {unknown}
Comestibles
 c - 4 rations
 g - 2 chunks of flesh


   Skills:
 - Level 2.4 Dodging
 - Level 2.4 Stealth
 + Level 4.9 Spellcasting
 + Level 3.4 Conjurations
 + Level 4.7 Fire Magic


You had 3 spell levels left.
You knew the following spells:

 Your Spells              Type           Power        Failure   Level  Hunger
a - Flame Tongue          Conj/Fire      ###..        1%          1    None
b - Sticky Flame          Conj/Fire      ###.....     21%         4    ####...
c - Throw Flame           Conj/Fire      ###...       3%          2    None
d - Conjure Flame         Conj/Fire      ###.....     6%          3    ##.....


Dungeon Overview and Level Annotations

Branches:
Dungeon (4/15)
 Temple: D:4-7

Altars:
Ashenzari

Annotations:
D:4 Blork the orc


Message History

Blork the orc burns!
Blork the orc burns!
A skeleton and a howler monkey come into view.
Blork the orc burns!
Casting: Sticky Flame (slightly dangerous; 21% risk of failure)
Confirm with . or Enter, or press ? or * to list all spells.
Aiming: Flame Tongue (safe; 1% risk of failure)
Press: ? - help, Shift-Dir - straight line, f/p - Blork the orc
Aim: Blork the orc, wielding a scimitar of holy wrath and wearing a robe (heavily wounded, covered in liquid flames)
The flame tongue hits Blork the orc.
Blork the orc is severely wounded.
The howler monkey howls!
Blork the orc burns!
Blork the orc points at you and mumbles some strange words.
The magic dart hits you!
* * * LOW HITPOINT WARNING * * *
Blork the orc burns!
Blork the orc points at you and mumbles some strange words.
The puff of flame hits you!
You die...

#.# . ..
###..#####.
##.##
...!.....#. #
....#####
#...!... ..
#........
#....#
..####........
##....
...#........
#....
#.#........
#<...
####..@...?...
#....
#...o....Z....
#....
#.####h......$
#...# #.#
#........ #####
#.# #........
##.####........
#.....####.####
#.#.#.# ..
#......<.....


You could see Blork the orc (burning), a howler monkey and a jackal skeleton.

Vanquished Creatures
  An orc wizard (D:3)
  4 gnolls (D:3)
  4 adders
  An ooze (D:1)
  2 worms (D:3)
  A dart slug (D:3)
  3 leopard geckos
  4 orcs
  2 ball pythons
  2 giant cockroaches (D:3)
  6 goblins
  6 hobgoblins
  2 jackals (D:3)
  4 kobolds
  A quokka (D:3)
  4 bats
  7 frilled lizards
  7 rats
61 creatures vanquished.

Notes
Turn   | Place    | Note
-------+----------+-------------------------------------------
     0 | D:1      | Feta the Deep Elf Fire Elementalist began the quest for the Orb.
     0 | D:1      | Reached XP level 1. HP: 10/10 MP: 6/6
   159 | D:1      | Reached XP level 2. HP: 15/15 MP: 6/8
   430 | D:2      | Found a shattered altar of Ashenzari.
   448 | D:2      | Reached XP level 3. HP: 19/19 MP: 1/10
  1024 | D:3      | Reached XP level 4. HP: 24/24 MP: 9/12
  1030 | D:3      | Learned a level 4 spell: Sticky Flame
  1296 | D:3      | Reached XP level 5. HP: 20/28 MP: 2/14
  1403 | D:3      | Learned a level 2 spell: Throw Flame
  1845 | D:4      | Learned a level 3 spell: Conjure Flame
  1850 | D:4      | Noticed Blork the orc
  1871 | D:4      | Killed from afar by Blork the orc

Vault maps used:
D:1:      minmay_arrival_semitransparent, supply_closet_lemuel
D:2:      evilmike_ruin_ashenzari
D:3:      wad_floor_pattern_untrapped
D:4:      first_ration, portal_sewer_entry_b, minmay_misc_feat_five,
          uniq_eustachio, uniq_blork_the_orc

Skill      XL: |  1  2  3  4 |
---------------+-------------+-----
Conjurations   | 2 3 |  3.4
Spellcasting   | 4 |  4.9
Fire Magic     | 4 |  4.7
Dodging        | |  2.4
Stealth        | |  2.4

Action                   |  1- 3 |  4- 6 || total
-------------------------+-------+-------++-------
Melee: Spear             |    19 |     4 ||    23
Throw: Javelin           |       |     2 ||     2
 Cast: Flame Tongue      |    50 |    42 ||    92
       Throw Flame       |       |     9 ||     9
       Sticky Flame      |       |     4 ||     4
  Use: Scroll            |       |     1 ||     1
 Stab: Sleeping          |     3 |       ||     3
  Eat: Chunk             |       |     3 ||     3
Armor: Robe              |     9 |     5 ||    14
Dodge: Dodged            |    14 |    27 ||    41

Table legend:
 A = Spawn XP
 B = Non-spawn XP
 C = Spawn XP percentage of total XP
 D = Spawn monster count
 E = Non-spawn monster count
 F = Spawn count percentage of total count
 G = Total turns spent on level
                    A         B        C        D         E        F      G
               +---------+---------+-------+---------+---------+-------+---------
         Total |       0 |     259 |   0.0 |       0 |      61 |   0.0 |  1871
               +---------+---------+-------+---------+---------+-------+---------
           D:1 |       0 |      20 |   0.0 |       0 |      10 |   0.0 |   286
           D:2 |       0 |      59 |   0.0 |       0 |      21 |   0.0 |   746
           D:3 |       0 |     177 |   0.0 |       0 |      29 |   0.0 |   808
           D:4 |       0 |       3 |   0.0 |       0 |       1 |   0.0 |    31
               +---------+---------+-------+---------+---------+-------+---------
